 Dungeon Crawl Stone Soup version 0.28-a0-1510-gd0f6b136d3 (webtiles) character file.

Game seed: 15408860397968545103

2723 kae the Insei (level 9, -2/79 HPs)
             Began as a Demonspawn Transmuter on Jan 14, 2022.
             Was an Initiate of Ru.
             Slain by an orc warrior (14 damage)
             ... on level 7 of the Dungeon.
             The game lasted 00:06:35 (9373 turns).

kae the Insei (Demonspawn Transmuter)               Turns: 9373, Time: 00:06:35

Health: -2/79      AC:  7    Str: 16    XL:     9   Next: 40%
Magic:  12/15      EV: 11    Int: 20    God:    Ru [......]
Gold:   359        SH:  0    Dex: 13    Spells: 9/17 levels left

rFire   x . .      SeeInvis .     - Unarmed
rCold   + + +      Faith    .   (shield currently unavailable)
rNeg    . . .      Spirit   .   (armour currently unavailable)
rPois   +          Reflect  .   (helmet currently unavailable)
rElec   .          Harm     .   (cloak currently unavailable)
rCorr   .          Rampage  .   (gloves currently unavailable)
Will    .....                   (boots currently unavailable)
Stlth   +.........              (no amulet)
HPRegen 0.23/turn               c - +6 ring of strength
MPRegen 0.14/turn               d - ring of flight

@: confused, ice-form, ambrosia-drunk, flying, very slightly contaminated
A: freezing attack, amphibious, boosted hp, large, (yellow scales 2), (spiny 2),
condensation shield
a: End Transformation, Renounce Religion


You were on level 7 of the Dungeon.
You worshipped Ru.
Ru was noncommittal.
You were a creature of crystalline ice.
You visited 2 branches of the dungeon, and saw 8 of its levels.

You collected 359 gold pieces.

Inventory:

Armour
 a - a +0 robe (melded)
Jewellery
 c - a +6 ring of strength (left front paw)
 d - a ring of flight (right front paw)
 o - a ring of wizardry
Wands
 h - a wand of flame (12)
 n - a wand of iceblast (9)
 p - a wand of digging (8)
Scrolls
 b - 4 scrolls of identify
 f - a scroll of vulnerability
 q - a scroll of noise {unknown}
 r - a scroll of enchant weapon {unknown}
Potions
 e - a potion of flight
 g - 2 potions of mutation
 i - a potion of degeneration
 j - 2 potions of haste
 k - 4 potions of magic
 l - a potion of curing
 m - a potion of ambrosia


   Skills:
 + Level 4.5 Fighting
 + Level 4.5 Dodging
 * Level 6.6 Unarmed Combat
 + Level 4.5 Spellcasting
 * Level 6.2 Transmutations
 * Level 2.9 Ice Magic
 - Level 1.7 Poison Magic


You had 9 spell levels left.
You knew the following spells:

 Your Spells              Type           Power      Damage    Failure   Level
a - Beastly Appendage     Tmut           58%        N/A       1%          1
b - Spider Form           Tmut/Pois      20%        N/A       7%          3
c - Ice Form              Ice/Tmut       22%        N/A       19%         4

Your spell library contained the following spells:

 Spells                   Type           Power      Damage    Failure   Level
 Wereblood                Tmut           29%        N/A       1%          2
 Passwall                 Tmut/Erth      14%        N/A       4%          2
 Ensorcelled Hibernation  Hex/Ice        20%        N/A       10%         2
 Dazzling Flash           Conj/Hex       8%         N/A       36%         3
 Swiftness                Air            4%         N/A       36%         3
 Iskenderun's Mystic Bla  Conj/Tloc      4%         2d3       77%         4
 Starburst                Conj/Fire      2%         6d3       100%        6


Dungeon Overview and Level Annotations

Branches:
Dungeon (7/15)             Temple (1/1) D:4

Altars:
Ashenzari
Cheibriados
Elyvilon
Fedhas
Gozag
Kikubaaqudgha
Makhleb
Nemelex Xobeh
Qazlal
Ru
Sif Muna
Uskayaw
Vehumet
Xom
Yredelemnul
Zin

Shops:
D:6 =

Annotations:
D:3 exclusion: oklob plant


Innate Abilities, Weirdness & Mutations

You are a creature of crystalline ice.
You have a powerful freezing melee attack.
You are amphibious.
Your maximum health is increased.
Your armour is entirely melded.
You are incapable of wielding weapons or throwing items.
((You are mostly covered in yellow scales. (AC +3)))
((You are mostly covered in sharp spines.))
A meltable shield of frost defends you. (SH +4)


Message History

Things that are here:
a +0 club; an orc corpse
Found a scroll labelled YNLUWN DETIM.
Okay, then.
Casting: Ice Form (dangerous; 19% risk of failure)
Confirm with . or Enter, or press ? or * to list all spells.
You miscast Ice Form.
You are very lightly contaminated with residual magic.
Nothing appears to happen.
The orc warrior is struck by your spines.
The orc warrior hits you with a +0 scimitar!!
You hit the orc warrior but do no damage.
The orc warrior is lightly wounded.
The orc warrior barely misses you.
Casting: Ice Form (dangerous; 19% risk of failure)
Confirm with . or Enter, or press ? or * to list all spells.
You miscast Ice Form.
Nothing appears to happen.
The orc warrior hits you with a +0 scimitar!
You hit the orc warrior but do no damage.
The orc warrior is lightly wounded.
You block the orc warrior's attack.
Casting: Ice Form (dangerous; 19% risk of failure)
Confirm with . or Enter, or press ? or * to list all spells.
You turn into a creature of crystalline ice.
Your +0 robe melds into your body.
You block the orc warrior's attack.
The orc warrior hits you with a +0 scimitar!
You closely miss the orc warrior.
The orc warrior is lightly wounded.
The orc warrior barely misses you.
You barely miss the orc warrior.
The orc warrior is lightly wounded.
The orc warrior hits you with a +0 scimitar!!
* * * LOW HITPOINT WARNING * * *
You hear a shout!
You are confused.
You feel invigorated. The orc warrior misses you.
You completely miss the orc warrior.
The orc warrior is lightly wounded.
The orc warrior hits you with a +0 scimitar!
You die...

#.##### #.# #.....#
#.# #.###.###.#
###.##...##.#
#........##.######
#.#........(.....#
#.##############.##
..##############..#
.#..(....YoY.$...#.#
#.
?##...###Z).##...# #
#.# #Z#)#.###..#
#...#.#Z..# #..#
#...###.....# #.#.#
.#...# #Z .#. .....#
.. .# #. ###..# ..
.# #o #..#


You could see an orc warrior, a sky beast and a howler monkey zombie.

Vanquished Creatures
  A hornet (D:5)
  Grinder (D:3)
  Sigmund (D:3)
  A wyvern (D:6)
  A steam dragon (D:6)
  Duvessa (D:4)
  An ice beast (D:7)
  A black bear (D:7)
  A necrophage (D:6)
  2 ogres
  A scorpion (D:6)
  2 water moccasin zombies
  A gnoll sergeant (D:6)
  Dowan (D:4)
  A water moccasin skeleton (D:6)
  3 wights
  5 electric eels (D:6)
  A centaur zombie (D:6)
  A hound (D:4)
  A bullfrog skeleton (D:6)
  A bullfrog zombie (D:6)
  2 orc priests (D:7)
  A jelly (D:7)
  2 centaur skeletons (D:6)
  A gnoll shaman (D:6)
  2 iguanas
  3 orc wizards
  3 killer bee zombies (D:6)
  A hound skeleton (D:5)
  A howler monkey zombie (D:6)
  8 gnolls
  8 adders
  An ufetubus (D:4)
  2 worms (D:2)
  13 orcs
  4 ball pythons
  7 endoplasms
  A giant cockroach (D:1)
  8 goblins
  4 hobgoblins
  5 jackals
  A quokka (D:3)
  2 bats (D:2)
  7 frilled lizards
  5 kobolds
  2 rats (D:2)
123 creatures vanquished.

Vanquished Creatures (others)
  18 fungi (D:3)
  50 plants
  A withered plant (D:6)
69 creatures vanquished.

Grand Total: 192 creatures vanquished

Notes
Turn   | Place    | Note
-------+----------+-------------------------------------------
     0 | D:1      | kae the Demonspawn Transmuter began the quest for the Orb.
     0 | D:1      | Reached XP level 1. HP: 15/15 MP: 3/3
   507 | D:1      | Gained mutation: A meltable shield of frost defends you.
                  | (SH +4) [demonic ancestry]
   507 | D:1      | Reached XP level 2. HP: 21/21 MP: 3/5
  1008 | D:1      | Found a faded altar of an unknown god.
  1256 | D:2      | Gained mutation: You are partially covered in yellow
                  | scales. (AC +2) [demonic ancestry]
  1256 | D:2      | Reached XP level 3. HP: 6/26 MP: 4/6
  2069 | D:2      | Reached XP level 4. HP: 29/32 MP: 7/7
  2429 | D:3      | Noticed Sigmund
  2436 | D:2      | Learned a level 3 spell: Spider Form
  2479 | D:3      | Killed Sigmund
  2480 | D:3      | Reached skill level 1 in Poison Magic
  2480 | D:3      | Reached XP level 5. HP: 38/38 MP: 5/8
  2646 | D:3      | Noticed Grinder
  2737 | D:3      | Reached XP level 6. HP: 14/44 MP: 4/10
  3064 | D:3      | Killed Grinder
  3545 | D:3      | Found a blossoming altar of Fedhas.
  3561 | D:3      | Noticed an oklob plant
  3963 | D:4      | Gained mutation: You are mostly covered in yellow scales.
                  | (AC +3) [demonic ancestry]
  3963 | D:4      | Reached XP level 7. HP: 46/51 MP: 7/11
  4051 | D:4      | Found a staircase to the Ecumenical Temple.
  4290 | Temple   | Entered the Ecumenical Temple
  4524 | Temple   | Became a worshipper of Ru the Awakened
  4795 | D:4      | Found a hide-covered altar of Uskayaw.
  4795 | D:4      | Noticed a +0 falchion
  4795 | D:4      | Noticed a +0 falchion
  4795 | D:4      | Noticed a +0 dagger
  4796 | D:4      | Noticed a +0 short sword
  4797 | D:4      | Noticed a +0 short sword
  4797 | D:4      | Noticed a +0 dagger
  4797 | D:4      | Noticed a +0 spear
  4799 | D:4      | Noticed a +0 spear
  4876 | D:4      | Noticed Duvessa
  4876 | D:4      | Noticed Dowan
  4907 | D:4      | Killed Duvessa
  5171 | D:4      | Killed Dowan
  5303 | D:4      | Found a snail-covered altar of Cheibriados.
  5605 | D:5      | Entered Level 5 of the Dungeon
  5995 | D:5      | Reached skill level 5 in Unarmed Combat
  6180 | D:5      | Found an ancient bone altar of Kikubaaqudgha.
  6181 | D:5      | Noticed a hornet
  6378 | D:5      | Learned a level 4 spell: Ice Form
  6379 | D:6      | Noticed a steam dragon
  6481 | D:6      | Killed a steam dragon
  6482 | D:6      | Gained mutation: You are partially covered in sharp spines.
                  | [demonic ancestry]
  6482 | D:6      | Reached XP level 8. HP: 58/58 MP: 9/13
  6705 | D:6      | Reached skill level 5 in Transmutations
  7020 | D:6      | Found Caobocve's Jewellery Shoppe.
  7224 | D:6      | Reached skill level 1 in Ice Magic
  7580 | D:5      | Killed a hornet
  8119 | D:6      | Gained mutation: You are mostly covered in sharp spines.
                  | [demonic ancestry]
  8119 | D:6      | Reached XP level 9. HP: 65/65 MP: 9/15
  9198 | D:7      | Found a broken altar of Ashenzari.
  9286 | D:7      | Found a shimmering altar of Xom.
  9373 | D:7      | Slain by an orc warrior

Illustrated notes

Levels and vault maps discovered:
D:1:      dpeg_arrival_concentric_ovals, layout_basic,
          hellmonk_ecumenical_altar_leap_of_faith
D:2:      layout_loops_ring, minmay_crystal_room, minmay_bisected
D:3:      layout_loops_ring, tgw_fedhas, uniq_grinder, uniq_sigmund
D:4:      layout_loops_ring, lemuel_crystal_altar, nicolae_uskayaw_en_pointe,
          temple_pool_b, wad_woods_river_04, nrook_mini_backslash, st_stairs_1,
          uniq_duvessa
D:5:      layout_basic, nicolae_overflow_crystal_walls,
          hangedman_abyss_or_decor_stagger
D:6:      layout_basic, serial_shops, nicolae_take_the_stairs, serial_undead,
          serial_undead_e, serial_undead_e, serial_undead_d, serial_undead_e,
          serial_undead_d, serial_bayou_lagoon_b
D:7:      layout_loops_ring, kennysheep_little_box, kennysheep_mini,
          nicolae_overflow_hidden_temple, mainiacjoe_overflow_alcove_4,
          mainiacjoe_overflow_tiny_flanked, nicolae_ossuary_entry_ruins,
          minmay_misc_feat_tower, amcnicky_mini_pool_small, minmay_starry_boxes
Temple:   jpeg_temple_alley_garden

Skill      XL: |  1  2  3  4  5  6  7  8  9 |
---------------+----------------------------+-----
Transmutations | 2 3 4 5 6 |  6.2
Dodging        | 2 3 4 |  4.5
Unarmed Combat | 3 4 5 6 |  6.6
Fighting       | 2 3 4 |  4.5
Poison Magic   | 1 |  1.7
Spellcasting   | 3 4 |  4.5
Ice Magic      | 2 |  2.9

Action                   |  1- 3 |  4- 6 |  7- 9 || total
-------------------------+-------+-------+-------++-------
Melee: Unarmed           |    95 |   180 |   214 ||   489
       Kick              |    16 |     4 |     2 ||    22
       Headbutt          |    11 |     3 |     2 ||    16
       Punch             |     3 |    12 |     1 ||    16
 Cast: Beastly Appendage |    16 |    10 |     3 ||    29
       Spider Form       |       |     5 |    22 ||    27
       Ice Form          |       |       |    12 ||    12
Invok: Reject Sacrifices |       |       |     1 ||     1
Evoke: Wand              |       |       |     8 ||     8
  Use: Scroll            |     1 |     6 |     5 ||    12
       Potion            |       |       |     3 ||     3
 Stab: Sleeping          |       |     1 |     1 ||     2
Armor: Robe              |    23 |    10 |    10 ||    43
       Skin              |       |     2 |    23 ||    25
Dodge: Dodged            |    57 |    39 |   162 ||   258
Block: Other             |     7 |     4 |    46 ||    57

Table legend: (Time is in decaauts)
 A = Elapsed time spent in this place.
 B = Non-inter-level travel time spent in this place.
 C = Inter-level travel time spent in this place.
 D = Time resting spent in this place.
 E = Time spent auto-exploring this place.
 F = Levels seen in this place.
 G = Mean time per level.
                   A        B        C        D        E       F      G
               +--------+--------+--------+--------+--------+-----+--------+
         Total |   9335 |   8898 |    437 |    929 |   6632 |   8 | 1166.9 |
       Dungeon |   9067 |   8714 |    353 |    929 |   6455 |   7 | 1295.3 |
        Temple |    267 |    184 |     83 |      0 |    177 |   1 |  267.0 |
               +--------+--------+--------+--------+--------+-----+--------+

Top non-repeatable levels by time:
     D:6: 2157 daAuts
     D:4: 1447 daAuts
     D:5: 1386 daAuts
     D:2: 1383 daAuts
     D:3: 1274 daAuts
     D:1: 1212 daAuts
  Temple: 267 daAuts
     D:7: 206 daAuts
